[ AOE2 MATCH · #479792809 ]
UnrankedByzantines vs Romans
[ REPLAY ANALYSIS · EXTRACTED FROM THE RECORDED GAME ]
Feudal
—
Castle
—
Imperial
—
| APM avg | 0.5 |
| APM peak | 10 |
| eAPM avg | 0.5 |
| Villagers / military | 4 / 0 |
Focus
⚔️ 0.0% · 🌾 100.0%
Feudal
10:56
Castle
—
Imperial
—
| APM avg | 31.0 |
| APM peak | 60 |
| eAPM avg | 13.2 |
| Villagers / military | 25 / 7 |
Focus
⚔️ 19.6% · 🌾 80.4%
Militia ×7
Feudal
—
Castle
—
Imperial
—
| APM avg | 0.4 |
| APM peak | 7 |
| eAPM avg | 0.4 |
| Villagers / military | 0 / 0 |
Feudal
—
Castle
—
Imperial
—
| APM avg | 1.7 |
| APM peak | 34 |
| eAPM avg | 0.8 |
| Villagers / military | 5 / 0 |
Focus
⚔️ 0.0% · 🌾 100.0%
Feudal
—
Castle
—
Imperial
—
| APM avg | 0.5 |
| APM peak | 9 |
| eAPM avg | 0.5 |
| Villagers / military | 0 / 0 |
Feudal
10:28
Castle
17:11
Imperial
—
| APM avg | 22.2 |
| APM peak | 40 |
| eAPM avg | 10.3 |
| Villagers / military | 41 / 0 |
Focus
⚔️ 14.0% · 🌾 86.0%
Feudal
11:29
Castle
—
Imperial
—
| APM avg | 23.0 |
| APM peak | 33 |
| eAPM avg | 11.2 |
| Villagers / military | 42 / 4 |
Focus
⚔️ 25.3% · 🌾 74.7%
Archer ×4
Feudal
—
Castle
—
Imperial
—
| APM avg | 15.6 |
| APM peak | 64 |
| eAPM avg | 6.0 |
| Villagers / military | 24 / 0 |
Focus
⚔️ 3.2% · 🌾 96.8%
Match map
Initial resources + every placement click. Lines = walls · curves = elevation contours. ◆ gold · ⬟ stone · ● berries · ✦ relic · ◌ wall gap
Your base· Open — unwalled flank
StandingTall's base· Open — 9t gap
BL_EL_TIGRE_EQUIVOCADO's base· Open — unwalled flank
Pothos22's base· Open — unwalled flank
cyberK's base· Open — unwalled flank
Elber Gonzales's base· Open — unwalled flank
$impnationri$eup's base· Open — 10t gap
Ambarish Choudhary's base· Open — unwalled flank
Smoothed initial terrain · ◌ = detected wall gap · hover for details
Inputs per minute
— BL_ELEKA - - StandingTall
Build order — BL_ELEKA
6 actions detected in the replay
| 0:02 | Research | Loom |
| 0:02 | Create | Villager (Male) |
| 0:02 | Create | Villager (Male) |
| 0:02 | Create | Villager (Male) |
| 0:03 | Create | Villager (Male) |
| 0:10 | Build | House |
Build order — StandingTall
74 actions detected in the replay
| 0:06 | Build | House |
| 0:13 | Create | Villager (Male) |
| 0:13 | Create | Villager (Male) |
| 0:28 | Create | Villager (Male) |
| 0:28 | Create | Villager (Male) |
| 1:46 | Create | Villager (Male) |
| 2:26 | Create | Villager (Male) |
| 2:26 | Create | Villager (Male) |
| 2:32 | Build | House |
| 2:46 | Create | Villager (Male) |
| 2:59 | Create | Villager (Male) |
| 4:06 | Create | Villager (Male) |
| 4:07 | Create | Villager (Male) |
| 4:15 | Build | House |
| 4:37 | Create | Villager (Male) |
| 4:37 | Create | Villager (Male) |
| 5:32 | Create | Villager (Male) |
| 5:33 | Create | Villager (Male) |
| 5:49 | Build | Mill |
| 6:02 | Create | Villager (Male) |
| 6:02 | Research | Loom |
| 6:11 | Create | Villager (Male) |
| 6:11 | Research | Loom |
| 7:46 | Create | Villager (Male) |
| 7:55 | Build | Lumber Camp |
| 8:05 | Build | House |
| 8:24 | Research | Feudal Age |
| 8:41 | Build | Mining Camp |
| 9:25 | Build | Barracks |
| 10:06 | Create | Militia |
| 10:12 | Create | Villager (Male) |
| 10:18 | Create | Villager (Male) |
| 10:30 | Create | Militia |
| 10:34 | Create | Militia |
| 10:56 | Age | Feudal Age |
| 11:02 | Create | Militia |
| 11:06 | Research | Man-at-Arms (upgrade) |
| 11:17 | Build | House |
| 11:37 | Create | Villager (Male) |
| 12:12 | Build | Blacksmith |
| 12:15 | Create | Villager (Male) |
| 12:35 | Create | Militia |
| 12:50 | Research | Scale Mail Armor |
| 12:52 | Create | Villager (Male) |
| 13:06 | Build | House |
| 13:07 | Build | House |
| 13:21 | Research | Horse Collar |
| 13:22 | Research | Horse Collar |
| 13:24 | Build | Farm |
| 13:25 | Build | Farm |
| 13:27 | Build | Farm |
| 13:28 | Build | Farm |
| 13:30 | Build | Farm |
| 13:36 | Create | Villager (Male) |
| 14:10 | Create | Villager (Male) |
| 14:13 | Build | Farm |
| 14:16 | Build | Farm |
| 14:41 | Research | Forging |
| 14:42 | Create | Militia |
| 15:08 | Build | House |
| 15:09 | Build | House |
| 15:10 | Build | House |
| 16:31 | Build | Farm |
| 16:32 | Build | Farm |
| 16:37 | Build | Farm |
| 16:38 | Build | Farm |
| 16:39 | Build | Farm |
| 17:22 | Build | Farm |
| 18:21 | Build | Market |
| 18:30 | Research | Double-Bit Axe |
| 18:41 | Build | Mining Camp |
| 19:35 | Research | Castle Age |
| 19:35 | Research | Castle Age |
| 19:36 | Create | Militia |
Build order — BL_EL_TIGRE_EQUIVOCADO
0 actions detected in the replay
Build order — Pothos22
7 actions detected in the replay
| 0:01 | Create | Villager (Male) |
| 0:01 | Create | Villager (Male) |
| 0:02 | Create | Villager (Male) |
| 0:03 | Build | House |
| 0:05 | Build | House |
| 0:21 | Create | Villager (Male) |
| 0:21 | Create | Villager (Male) |
Build order — cyberK
0 actions detected in the replay
Build order — Elber Gonzales
62 actions detected in the replay
| 0:07 | Build | House |
| 0:08 | Build | House |
| 0:09 | Build | House |
| 0:11 | Build | House |
| 0:13 | Create | Villager (Male) ×4 |
| 1:47 | Create | Villager (Male) |
| 1:48 | Create | Villager (Male) |
| 2:48 | Create | Villager (Male) |
| 2:48 | Create | Villager (Male) |
| 2:48 | Create | Villager (Male) |
| 3:35 | Build | Mill |
| 3:44 | Create | Villager (Male) ×2 |
| 4:12 | Create | Villager (Male) |
| 4:13 | Create | Villager (Male) |
| 4:58 | Create | Villager (Male) |
| 5:32 | Create | Villager (Male) |
| 5:32 | Create | Villager (Male) |
| 5:32 | Create | Villager (Male) |
| 6:12 | Create | Villager (Male) |
| 6:13 | Create | Villager (Male) |
| 6:49 | Create | Villager (Male) |
| 6:49 | Create | Villager (Male) |
| 6:49 | Create | Villager (Male) |
| 8:18 | Research | Feudal Age |
| 8:18 | Research | Feudal Age |
| 8:40 | Build | House |
| 8:41 | Build | House |
| 8:42 | Build | House |
| 8:43 | Build | House |
| 8:45 | Build | House |
| 8:46 | Build | House |
| 10:28 | Age | Feudal Age |
| 10:32 | Create | Villager (Male) ×5 |
| 10:43 | Build | Mining Camp |
| 10:57 | Build | Lumber Camp |
| 11:26 | Build | Farm |
| 11:28 | Build | Farm |
| 12:53 | Create | Villager (Male) |
| 12:53 | Create | Villager (Male) |
| 13:05 | Build | Farm |
| 13:13 | Create | Villager (Male) |
| 13:20 | Build | Farm |
| 14:28 | Build | Lumber Camp |
| 14:31 | Research | Castle Age |
| 14:41 | Build | Mining Camp |
| 15:11 | Build | Farm |
| 16:25 | Build | Farm |
| 16:26 | Build | Farm |
| 16:28 | Build | Farm |
| 16:42 | Research | Double-Bit Axe |
| 17:06 | Create | Villager (Male) ×5 |
| 17:11 | Age | Castle Age |
| 17:33 | Build | Town Center |
| 17:49 | Research | Bow Saw |
| 18:30 | Research | Loom |
| 18:32 | Create | Villager (Male) |
| 18:32 | Create | Villager (Male) |
| 19:15 | Create | Villager (Male) |
| 19:15 | Create | Villager (Male) |
| 19:16 | Create | Villager (Male) |
| 19:16 | Create | Villager (Male) |
| 19:43 | Research | Wheelbarrow |
Build order — $impnationri$eup
74 actions detected in the replay
| 0:14 | Build | House |
| 0:15 | Create | Villager (Male) |
| 0:16 | Create | Villager (Male) |
| 0:38 | Build | House |
| 0:58 | Create | Villager (Male) |
| 0:58 | Create | Villager (Male) |
| 2:33 | Create | Villager (Male) |
| 2:34 | Create | Villager (Male) |
| 2:34 | Create | Villager (Male) |
| 2:40 | Create | Villager (Male) |
| 3:33 | Create | Villager (Male) |
| 3:33 | Create | Villager (Male) |
| 4:06 | Create | Villager (Male) |
| 4:07 | Create | Villager (Male) |
| 4:22 | Create | Villager (Male) |
| 4:23 | Create | Villager (Male) |
| 4:23 | Create | Villager (Male) |
| 4:40 | Build | House |
| 4:43 | Build | House |
| 4:49 | Create | Villager (Male) |
| 4:49 | Create | Villager (Male) |
| 5:14 | Research | Loom |
| 5:36 | Create | Villager (Male) |
| 5:37 | Create | Villager (Male) |
| 5:55 | Create | Villager (Male) |
| 6:09 | Build | Lumber Camp |
| 6:25 | Create | Villager (Male) |
| 6:25 | Create | Villager (Male) |
| 6:45 | Create | Villager (Male) |
| 6:45 | Create | Villager (Male) |
| 7:43 | Create | Villager (Male) |
| 7:43 | Create | Villager (Male) |
| 8:05 | Create | Villager (Male) |
| 8:06 | Create | Villager (Male) |
| 8:30 | Build | Mill |
| 8:54 | Create | Villager (Male) |
| 9:06 | Research | Feudal Age |
| 9:50 | Build | Palisade Wall |
| 9:58 | Build | Palisade Gate |
| 10:36 | Build | Barracks |
| 11:04 | Create | Villager (Male) |
| 11:29 | Age | Feudal Age |
| 11:38 | Create | Villager (Male) |
| 11:39 | Create | Villager (Male) |
| 11:45 | Build | Mining Camp |
| 11:52 | Create | Villager (Male) |
| 11:52 | Create | Villager (Male) |
| 12:11 | Build | Palisade Wall |
| 12:20 | Build | Palisade Gate |
| 12:31 | Build | House |
| 12:32 | Build | House |
| 13:02 | Build | House |
| 13:09 | Build | House |
| 13:12 | Create | Villager (Male) |
| 13:23 | Create | Villager (Male) |
| 14:16 | Build | Archery Range |
| 14:29 | Build | Archery Range |
| 14:33 | Create | Villager (Male) |
| 14:34 | Create | Villager (Male) |
| 14:39 | Build | Mining Camp |
| 15:12 | Build | Watch Tower |
| 15:16 | Create | Villager (Male) |
| 15:51 | Build | Farm |
| 15:51 | Create | Villager (Male) |
| 16:19 | Build | Lumber Camp |
| 16:21 | Create | Archer |
| 16:22 | Create | Archer |
| 16:34 | Create | Villager (Male) |
| 17:30 | Create | Villager (Male) |
| 18:07 | Research | Wheelbarrow |
| 18:26 | Build | House |
| 18:30 | Create | Archer |
| 18:31 | Create | Archer |
| 18:51 | Build | Watch Tower |
Build order — Ambarish Choudhary
30 actions detected in the replay
| 0:08 | Create | Villager (Male) |
| 0:09 | Create | Villager (Male) |
| 0:09 | Create | Villager (Male) |
| 0:12 | Build | House |
| 0:13 | Build | House |
| 0:40 | Create | Villager (Male) |
| 0:40 | Create | Villager (Male) |
| 1:32 | Create | Villager (Male) |
| 1:32 | Create | Villager (Male) |
| 2:05 | Build | Lumber Camp |
| 2:07 | Create | Villager (Male) |
| 2:07 | Create | Villager (Male) |
| 2:22 | Create | Villager (Male) |
| 2:22 | Create | Villager (Male) |
| 3:01 | Create | Villager (Male) |
| 3:01 | Create | Villager (Male) |
| 3:07 | Build | House |
| 3:08 | Build | House |
| 3:21 | Create | Villager (Male) |
| 3:21 | Create | Villager (Male) |
| 3:37 | Create | Villager (Male) |
| 3:52 | Create | Villager (Male) |
| 3:52 | Create | Villager (Male) |
| 4:43 | Create | Villager (Male) |
| 4:43 | Create | Villager (Male) |
| 5:00 | Build | Mill |
| 5:41 | Create | Villager (Male) |
| 5:42 | Create | Villager (Male) |
| 5:43 | Create | Villager (Male) |
| 6:48 | Create | Villager (Male) |
Match timeline
| 0:01 | cyberK · resign |
| 9:25 | StandingTall · first_building Barracks |
| 9:50 | $impnationri$eup · wall_segment Palisade Wall x11 |
| 10:28 | Elber Gonzales · age_up feudal |
| 10:36 | $impnationri$eup · first_building Barracks |
| 10:56 | StandingTall · age_up feudal |
| 11:29 | $impnationri$eup · age_up feudal |
| 12:11 | $impnationri$eup · wall_segment Palisade Wall x15 |
| 14:16 | $impnationri$eup · first_building Archery Range |
| 17:11 | Elber Gonzales · age_up castle |
[ AI ANALYSIS · 1 CREDIT ]
What really happened in this match?
Wolo.gg analyzes every decision: build order, eco, micro, common mistakes by bracket. Personalized analysis on WhatsApp or Discord in 30 seconds.
Civ guide
Byzantines
Perfil
Jugador #1277578